Map: Central Protocol

Players

KoMA

  • Race: Terran Terran
  • League: Grandmaster

CMStormPolt (Polt) - Winner!

  • Race: Terran Terran
  • League: Grandmaster

VOD

Have the link to the VOD?

Description

Time

  • Played on: Feb. 13, 2016, 7:01 p.m.
  • Length: 10:00
Show
View Real Time Build Order
Export as new Build Order

KoMA Terran 

Build Orders: Reaper Expand 

Get SALT Encoding   

  12  0:00  SCV  
  13  0:13  SCV  
  14  0:17  Supply Depot  
  14  0:25  SCV  
  15  0:39  SCV  
  15  0:41  Barracks  
  16  0:45  Refinery  
  16  0:51  SCV  
  17  1:03  SCV  
  18  1:15  SCV  
  19  1:29  Orbital Command, Reaper  
  20  1:44  Command Center  
  20  1:53  Supply Depot  
  20  1:55  SCV  
  20  2:01  Marine  
  21  2:07  SCV  
  22  2:12  Factory  
  22  2:19  Marine  
  22  2:22  SCV, Refinery  
  24  2:35  SCV  
  24  2:37  Marine  
  26  2:47  SCV  
  27  2:52  Engineering Bay  
  27  2:55  Marine  
  27  2:56  Orbital Command, Hellion  
  30  3:07  Starport  
  30  3:10  SCV  
  31  3:13  Barracks Reactor  
  31  3:19  Hellion  
  33  3:27  SCV  
  34  3:29  SCV  
  33  3:39  SCV  
  33  3:41  Hellion  
  36  3:43  Missile Turret  
  36  3:44  Missile Turret  
  36  3:49  Viking  
  36  3:54  SCV x2  
  40  4:01  Marine x2  
  42  4:06  Bunker, SCV  
  42  4:08  SCV  
  44  4:10  Factory Tech Lab  
  44  4:18  SCV  
  44  4:19  Supply Depot  
  42  4:24  SCV  
  42  4:25  Viking  
  42  4:35  Marine x2  
  42  4:36  SCV  
  45  4:41  Cyclone  
  45  4:44  SCV  
  49  4:49  Supply Depot  
  49  4:51  Barracks, SCV  
  50  4:56  Marine  
  50  4:57  SCV  
  47  5:03  SCV  
  47  5:05  Marine  
  45  5:09  SCV  
  46  5:14  Marine, Siege Tank  
  46  5:15  SCV  
  46  5:19  Refinery  
  46  5:21  SCV  
  52  5:28  SCV  
  53  5:29  Medivac  
  53  5:33  SCV  
  56  5:39  Barracks  
  56  5:40  SCV, Missile Turret, Barracks Tech Lab  
  57  5:47  Supply Depot  
  57  5:50  SCV  
  57  5:53  Siege Tank  
  57  5:55  SCV  
  62  6:02  Supply Depot  
  62  6:05  Stimpack  
  62  6:08  Marine x2  
  62  6:09  SCV, Marine  
  62  6:10  SCV  
  67  6:17  Starport Reactor  
  67  6:19  Supply Depot  
  67  6:21  Refinery  
  67  6:26  Barracks Reactor, Marine  
  67  6:29  Barracks  
  67  6:32  Barracks  
  67  6:34  Marine x2  
  67  6:35  Siege Tank  
  67  6:36  SCV  
  73  6:48  Marine  
  74  6:58  Terran Infantry Weapons Level 1  
  74  6:59  SCV x2, Marine x2  
  74  7:01  Command Center  
  78  7:07  Marine x2  
  80  7:09  Siege Tank  
  80  7:12  Medivac  
  80  7:13  Medivac  
  86  7:19  Marine x2  
  84  7:28  Marine  
  81  7:30  Marine  
  81  7:35  Marine  
  81  7:36  Marine  
  84  7:41  SCV x2  
  84  7:42  Medivac  
  84  7:43  Siege Tank  
  91  7:46  Barracks Reactor  
  91  7:51  Supply Depot  
  91  7:55  Marine x3  
  91  7:56  Barracks Reactor  
  94  8:01  Supply Depot  
  94  8:02  Supply Depot  
  94  8:12  Medivac, Marine x2  
  98  8:13  Marine  
  98  8:15  Engineering Bay, Armory  
  98  8:16  Orbital Command  
  98  8:19  Marine  
  99  8:20  Marine  
  99  8:26  Siege Tank  
  103  8:27  Marine  
  103  8:30  Marine  
  103  8:32  Marine  
  103  8:34  Marine x3  
  101  8:39  Marine x2  
  101  8:40  Marine  
  107  8:46  Medivac  
  107  8:47  Medivac  
  103  8:52  Marine x2  
  103  8:54  Marine x2  
  103  8:55  SCV x2  
  108  8:56  Orbital Command  
  108  9:06  Sensor Tower  
  108  9:12  Marine x2, Siege Tank  
  108  9:13  SCV x2  
  114  9:23  SCV, Marine x2  
  117  9:28  Marine x3  
  117  9:29  Medivac  
  122  9:37  SCV  
  122  9:38  Sensor Tower, Marine  
  123  9:39  Marine x2  
  123  9:41  SCV  
  127  9:45  Supply Depot  
Show
View Real Time Build Order
Export as new Build Order

CMStormPolt Terran - Winner!

Build Orders: 1/1/1, MMM Bio, Banshee Rush 

Get SALT Encoding   

  12  0:00  SCV  
  13  0:12  SCV  
  14  0:17  Supply Depot  
  14  0:24  SCV  
  15  0:33  Refinery  
  15  0:39  SCV  
  16  0:44  Barracks  
  16  0:51  SCV  
  17  0:59  Refinery  
  17  1:03  SCV  
  18  1:15  SCV  
  19  1:30  Orbital Command  
  19  1:31  Reaper  
  20  1:38  Factory  
  20  1:45  Supply Depot  
  20  1:55  SCV  
  21  2:03  Reaper  
  21  2:07  SCV  
  23  2:20  SCV  
  23  2:21  Hellion  
  23  2:22  Starport  
  26  2:32  Supply Depot, SCV  
  26  2:35  Barracks Tech Lab  
  27  2:43  Hellion  
  29  2:49  SCV  
  30  3:01  SCV  
  30  3:04  Hellion  
  30  3:05  Cloaking Field, Banshee  
  36  3:11  Barracks Reactor  
  36  3:13  SCV  
  36  3:19  Supply Depot  
  37  3:28  SCV  
  37  3:40  SCV  
  38  3:48  Banshee  
  41  3:50  Command Center  
  41  3:52  SCV  
  42  4:01  Supply Depot  
  42  4:02  Factory Tech Lab  
  42  4:04  SCV  
  43  4:13  Barracks  
  43  4:17  Marine x2  
  43  4:20  SCV  
  44  4:33  Siege Tank  
  44  4:35  SCV  
  44  4:38  Banshee  
  51  4:43  Marine x2  
  53  4:47  SCV  
  54  4:59  SCV  
  55  5:06  Marine x2  
  54  5:11  Orbital Command, Siege Tank  
  54  5:12  SCV  
  56  5:18  Barracks  
  56  5:19  Supply Depot  
  56  5:28  SCV, Marine x3  
  54  5:29  Stimpack  
  54  5:31  Viking  
  59  5:40  SCV  
  60  5:44  Siege Tank  
  60  5:45  SCV  
  60  5:47  Refinery  
  60  5:49  Supply Depot  
  64  5:52  Engineering Bay, SCV  
  65  5:57  SCV  
  67  6:04  SCV  
  67  6:09  SCV  
  67  6:10  Marine  
  67  6:11  Marine x3  
  70  6:12  Starport Reactor  
  70  6:16  SCV  
  70  6:18  Supply Depot x2, Refinery  
  73  6:20  Terran Infantry Weapons Level 1  
  73  6:21  SCV  
  73  6:23  Siege Tank  
  77  6:33  Marine x4  
  81  6:45  Command Center, SCV  
  82  6:55  Barracks, Barracks Reactor, Missile Turret  
  82  6:58  Barracks, Medivac  
  84  7:01  Medivac  
  84  7:05  Siege Tank  
  89  7:09  SCV x2  
  91  7:21  Supply Depot  
  91  7:22  Supply Depot  
  91  7:23  Marine x2  
  91  7:24  Marine  
  91  7:34  Marine x2, Combat Shields  
  90  7:41  Medivac x2, Marine x3  
  97  7:44  Barracks Reactor x2  
  97  7:57  Missile Turret  
  97  7:59  Orbital Command  
  97  8:01  Marine x5  
  97  8:03  SCV x2  
  104  8:09  Armory  
  103  8:13  Engineering Bay  
  103  8:28  Marine x9  
  112  8:39  Siege Tank  
  115  8:42  Medivac x2  
  115  8:44  Orbital Command  
  118  8:50  SCV x2  
  120  8:57  Marine x6  
  120  8:58  Marine x3  
  120  8:59  Sensor Tower  
  129  9:10  Factory  
  129  9:11  Refinery  
  129  9:12  SCV x3  
  129  9:13  Sensor Tower  
  129  9:14  Refinery  
  132  9:22  Bunker  
  131  9:24  SCV x2  
  133  9:38  Marine  
  133  9:39  Supply Depot x2  
  133  9:41  Marine x8  
  133  9:42  Supply Depot  
Tags
 
Add a new tag
Caveats
  • Supply blocks, unpowered buildings, or Contaminate may cause inaccurate times.
  • Supply counts are checked every 10 seconds.